[Event "Israeli U18-Team-ch 2024"]
[Site "Rishon LeZion"]
[Date "2024.08.01"]
[Round "2.10"]
[White "Gadasi, Noam"]
[Black "Kochavi, Dana"]
[Result "1-0"]
[ECO "B13"]
[WhiteElo "1808"]
[BlackElo "2135"]
[Annotator "RC"]
[PlyCount "111"]
[EventDate "2024.08.01"]
[EventType "team-tourn"]
[EventCountry "ISR"]
[SourceTitle "playchess.com"]
[Source "ChessBase"]
[SourceQuality "1"]
[TimeControl "3000+10"]

1. e4 c6 2. d4 d5 3. exd5 cxd5 4. Bd3 Nc6 5. c3 Qc7 6. h3 Nf6 7. Nf3 g6 8. O-O Bg7 9. Re1 O-O 10. Nbd2 Bd7 11. Nb3 Rad8 12. Bg5 Bc8 13. Ne5 Nxe5 14. Rxe5 Rfe8 15. Re2 h6 16. Be3 Nh5 17. Qd2 g5 18. h4 Nf4 19. Bxf4 gxf4 20. Bc2 b6 21. Qd3 Bg4 22. f3 Bh5 23. Rae1 e6 24. Qh7+ Kf8 25. Re5 Bg6 26. Bxg6 fxg6 27. Rxe6 Qf7 28. Rxe8+ Rxe8 29. Rxe8+ Qxe8 30. Kh2 h5 31. Nc1 Kf7 32. Nd3 Kf6 33. Nxf4 Qf7 34. g4 hxg4 35. fxg4 Ke7 36. Nxg6+ Kd6 37. Kg2 Qe6 38. Ne5 Bxe5 39. dxe5+ Qxe5 40. Qh6+ Kc7 41. Qh7+ Kc6 42. Qf5 Qe2+ 43. Kg3 Qe3+ 44. Qf3 Qe5+ 45. Kg2 b5 46. g5 Qe1 47. Kh3 Qe6+ 48. Kg3 Qe1+ 49. Kg4 Qe6+ 50. Kh5 Qe8+ 51. g6 Qh8+ 52. Kg5 Qe5+ 53. Qf5 Qe3+ 54. Kh5 Qe8 55. Qf6+ Kc5 56. b4+ 1-0

[Event "Israeli U18-Team-ch 2024"]
[Site "Rishon LeZion"]
[Date "2024.08.01"]
[Round "2.11"]
[White "Duchan, Yoav"]
[Black "Gilad, Tomer"]
[Result "1-0"]
[ECO "A00"]
[WhiteElo "2008"]
[BlackElo "1826"]
[Annotator "RC"]
[PlyCount "49"]
[EventDate "2024.08.01"]
[EventType "team-tourn"]
[EventCountry "ISR"]
[SourceTitle "playchess.com"]
[Source "ChessBase"]
[SourceQuality "1"]
[TimeControl "3000+10"]

1. g3 g6 2. Bg2 Bg7 3. d3 e5 4. Nc3 Ne7 5. Bd2 d5 6. e4 c6 7. Nf3 O-O 8. Qc1 f5 9. h3 fxe4 10. dxe4 d4 11. Ne2 Be6 12. O-O d3 13. Nc3 dxc2 14. Qxc2 Nd7 15. Ng5 Bc4 16. Rfd1 Kh8 17. Be3 h6 18. Nf3 Be6 19. Qd2 Kh7 20. Qd6 Rf6 21. Bg5 hxg5 22. Nxg5+ Kh8 23. Nxe6 Qb6 24. Qxe7 Qxf2+ 25. Kh2 1-0

[Event "Israeli U18-Team-ch 2024"]
[Site "Rishon LeZion"]
[Date "2024.08.01"]
[Round "2.12"]
[White "Golan, Ori"]
[Black "Gurevich, Neria"]
[Result "0-1"]
[ECO "B45"]
[WhiteElo "1911"]
[BlackElo "1997"]
[Annotator "RC"]
[PlyCount "192"]
[EventDate "2024.08.01"]
[EventType "team-tourn"]
[EventCountry "ISR"]
[SourceTitle "playchess.com"]
[Source "ChessBase"]
[SourceQuality "1"]
[TimeControl "3000+10"]

1. e4 c5 2. Nf3 e6 3. d4 cxd4 4. Nxd4 Nf6 5. Nc3 Nc6 6. Ndb5 Bb4 7. Bf4 e5 8. Bg5 O-O 9. a3 Be7 10. Bxf6 Bxf6 11. Nd5 Be7 12. Bc4 a6 13. Nxe7+ Qxe7 14. Nc7 Rb8 15. Nd5 Qg5 16. O-O d6 17. c3 Be6 18. Qe2 Kh8 19. Ne3 Ne7 20. Rad1 Nc8 21. Kh1 b5 22. Bd5 Rd8 23. c4 Bxd5 24. Rxd5 Ne7 25. Rd3 f5 26. exf5 bxc4 27. Nxc4 Nxf5 28. Rfd1 Nd4 29. Qe3 Qg6 30. f4 Nf5 31. Qf2 e4 32. Rd5 Rd7 33. Ne5 dxe5 34. Rxd7 h6 35. fxe5 e3 36. Qe2 Rc8 37. Rd8+ Rxd8 38. Rxd8+ Kh7 39. g4 Nh4 40. Qd3 e2 41. Qxe2 Qc6+ 42. Kg1 Qb6+ 43. Kf1 Qxd8 44. e6 Ng6 45. Qe4 Qf6+ 46. Kg2 Qxb2+ 47. Kg1 Qb6+ 48. Kf1 Qb5+ 49. Kg2 Qd5 50. Qxd5 Nf4+ 51. Kf3 Nxd5 52. Ke4 Ne7 53. Ke5 Kg6 54. h4 h5 55. Kd6 Nc8+ 56. Kc7 Ne7 57. Kd6 Nc8+ 58. Kc7 Ne7 59. Kd6 hxg4 60. Kxe7 g3 61. Kf8 g2 62. e7 g1=Q 63. e8=Q+ Kh6 64. Qe6+ g6 65. Qf6 Kh5 66. Kg7 a5 67. Kh7 a4 68. Qe7 Qg4 69. Qe5+ Kxh4 70. Qh2+ Kg5 71. Qe5+ Qf5 72. Qg3+ Kf6 73. Qc3+ Kf7 74. Qc4+ Ke7 75. Qb4+ Ke6 76. Qc4+ Ke5 77. Qxa4 g5+ 78. Kh6 g4 79. Qb5+ Kf4 80. Qf1+ Ke5 81. Qb5+ Kf6 82. Qb2+ Ke7 83. Qb7+ Kd6 84. Qb6+ Kd5 85. Qb5+ Ke4 86. Qb1+ Kf4 87. Qf1+ Ke5 88. Qb5+ Kf6 89. Qb2+ Qe5 90. Qf2+ Ke6 91. Qa2+ Kf5 92. Qb1+ Qe4 93. Qf1+ Qf4+ 94. Qxf4+ Kxf4 95. a4 g3 96. a5 g2 0-1

[Event "Israeli U18-Team-ch 2024"]
[Site "Rishon LeZion"]
[Date "2024.08.01"]
[Round "2.15"]
[White "Versano, Meitar"]
[Black "Afek, Itay"]
[Result "1/2-1/2"]
[ECO "B12"]
[WhiteElo "1639"]
[BlackElo "1913"]
[Annotator "RC"]
[PlyCount "94"]
[EventDate "2024.08.01"]
[EventType "team-tourn"]
[EventCountry "ISR"]
[SourceTitle "playchess.com"]
[Source "ChessBase"]
[SourceQuality "1"]
[TimeControl "3000+10"]

1. e4 c6 2. d4 d5 3. e5 c5 4. dxc5 Nc6 5. f4 Nh6 6. c3 e6 7. Be3 g5 8. Nf3 Nf5 9. Bd4 gxf4 10. Bd3 Ncxd4 11. cxd4 Ne3 12. Qd2 Rg8 13. Rg1 Be7 14. g3 Bd7 15. gxf4 Rxg1+ 16. Nxg1 Bh4+ 17. Ke2 Ng4 18. Nf3 Nf2 19. Nc3 Qe7 20. Nxh4 Qxh4 21. Qe1 Qg4+ 22. Kxf2 Qxf4+ 23. Ke2 Qxd4 24. Qg3 O-O-O 25. Rf1 Qb4 26. Nd1 Qxc5 27. Rxf7 Bb5 28. Bxb5 Qxb5+ 29. Qd3 Qb6 30. Qb3 Qa6+ 31. Kd2 Rg8 32. Qc3+ Kb8 33. Qc7+ Ka8 34. Rg7 Rf8 35. Qd6 Qa5+ 36. Kc1 Rc8+ 37. Nc3 Rxc3+ 38. bxc3 Qxc3+ 39. Kb1 Qd3+ 40. Kb2 Qd2+ 41. Kb3 Qd3+ 42. Ka4 Qc2+ 43. Ka3 Qc3+ 44. Ka4 Qc2+ 45. Kb4 Qc4+ 46. Ka3 Qc3+ 47. Ka4 Qc2+ 1/2-1/2

[Event "Israeli U18-Team-ch 2024"]
[Site "Rishon LeZion"]
[Date "2024.08.01"]
[Round "2.16"]
[White "Pearl, Oliver"]
[Black "Ghelerter, Ofir"]
[Result "1-0"]
[ECO "D02"]
[WhiteElo "1795"]
[BlackElo "1667"]
[Annotator "NA RC"]
[PlyCount "51"]
[EventDate "2024.08.01"]
[EventType "team-tourn"]
[EventCountry "ISR"]
[SourceTitle "playchess.com"]
[Source "ChessBase"]
[SourceQuality "1"]
[TimeControl "3000+10"]

1. Nf3 d5 2. g3 Nc6 3. d4 Bf5 4. Bg2 Nf6 5. O-O e6 6. c4 Bd6 7. Nc3 O-O 8. Bg5 Be7 9. Ne5 h6 10. Nxc6 bxc6 11. Bxf6 Bxf6 12. e3 Rb8 13. cxd5 cxd5 14. Na4 Qd7 15. b3 Rfd8 16. Rc1 Be7 17. Nc5 Qb5 18. f4 Qa5 19. Rf2 Rb5 20. Qd2 Qb6 21. Na4 Qb7 22. Qc3 Rc8 23. Bf1 Bb4 24. Qc6 Ba3 25. Bxb5 Qxc6 26. Rxc6 1-0

[Event "Israeli U18-Team-ch 2024"]
[Site "Rishon LeZion"]
[Date "2024.08.01"]
[Round "3.1"]
[White "Vagman, Roy"]
[Black "Ribstein, Orel"]
[Result "1-0"]
[ECO "B51"]
[WhiteElo "2308"]
[BlackElo "2066"]
[Annotator "RC"]
[PlyCount "61"]
[EventDate "2024.08.01"]
[EventType "team-tourn"]
[EventCountry "ISR"]
[SourceTitle "playchess.com"]
[Source "ChessBase"]
[SourceQuality "1"]
[TimeControl "3000+10"]

1. e4 c5 2. Nf3 d6 3. Bb5+ Nd7 4. Ba4 Ngf6 5. O-O a6 6. c4 e6 7. d3 Be7 8. Nc3 O-O 9. Qe2 b5 10. cxb5 Nb6 11. Bc2 axb5 12. Nxb5 Ba6 13. Nc3 d5 14. e5 Nfd7 15. Re1 Nb8 16. Bf4 Nc6 17. a3 Qc7 18. Rac1 Rfb8 19. Bb1 d4 20. Ne4 Na4 21. Rc2 Rb3 22. Rd2 Qa5 23. Ba2 Rb6 24. Nfg5 Nd8 25. Nxh7 Kxh7 26. Qh5+ Kg8 27. Nf6+ Bxf6 28. exf6 gxf6 29. Bh6 Bxd3 30. Qh4 Kh7 31. Qxf6 1-0

[Event "Israeli U18-Team-ch 2024"]
[Site "Rishon LeZion"]
[Date "2024.08.01"]
[Round "3.2"]
[White "Leib, Yoni"]
[Black "Sokolovsky, Yahli"]
[Result "0-1"]
[ECO "A06"]
[WhiteElo "1977"]
[BlackElo "2492"]
[Annotator "TA"]
[PlyCount "84"]
[EventDate "2024.08.01"]
[EventType "team-tourn"]
[EventCountry "ISR"]
[SourceTitle "playchess.com"]
[Source "ChessBase"]
[SourceQuality "1"]
[TimeControl "3000+10"]

1. Nf3 d5 2. e3 Nf6 3. b3 Bf5 4. Bb2 e6 5. Be2 h6 6. O-O Be7 7. d4 O-O 8. c4 dxc4 {[%emt 0:03:20] The position is equal.} 9. Bxc4 c5 10. Nc3 a6 11. dxc5 Bxc5 12. Qxd8 Rxd8 13. Rfd1 Nc6 14. Be2 Ne4 15. Nxe4 Bxe4 16. Ne5 Nb4 17. Rac1 Rxd1+ 18. Bxd1 Bd6 {[%emt 0:00:08][%cal Od6e5] [#] Threatens to win with ...Bxe5!} 19. Ra1 Rd8 20. a3 Nc2 21. Bxc2 Bxc2 22. b4 f6 23. Nf3 e5 {[%emt 0:00:18] Black is more active.} 24. Rc1 Ba4 $36 {[%emt 0:02:28][%mdl 2048] Black is on the roll.} 25. h3 Bb8 26. Kf1 Kf7 27. Ke1 Bc6 28. Rd1 Rc8 29. Rc1 Ke6 30. a4 ({White should try} 30. Nd2 $15) 30... Bd6 $19 31. b5 axb5 32. axb5 Bb4+ {[%emt 0:00:00] This pair of bishops is nice.} 33. Kd1 $2 {[%emt 0:00:02] Now White is beyond hope.} (33. Nd2 $17 Bd7 34. Rxc8 Bxc8 35. f4) 33... Bxf3+ 34. gxf3 {[%emt 0:00:01] [#]} Rxc1+ 35. Bxc1 {[%emt 0:00:01][%mdl 4096] Endgame. KB-KB} Kd5 36. e4+ (36. Kc2 $142) 36... Kc4 37. f4 Kd3 (37... Kxb5 38. fxe5 fxe5 39. Bb2 $19) 38. f3 Bd6 (38... exf4 $142 {Hoping for ...g5.} 39. Bxf4 Bc3) 39. f5 $2 (39. fxe5 Bxe5 (39... fxe5 40. Ke1 $17) 40. Ke1) 39... Bb4 {[%emt 0:00:06] Black is clearly winning.} 40. h4 h5 41. f4 Kxe4 42. fxe5 Kxe5 {[%emt 0:00:01] Weighted Error Value: White=0.50/Black=0.10 (very precise) .  Loses game:     	White=1     	---        Mistake:       	White=3     	Black=1      Inaccurate:     	White=3     	Black=1      OK:         	White=11    	Black=12     Best:        	---       	Black=3} 0-1

[Event "Israeli U18-Team-ch 2024"]
[Site "Rishon LeZion"]
[Date "2024.08.01"]
[Round "3.3"]
[White "Azoulay, Yehonatan"]
[Black "Pelech, Roee"]
[Result "0-1"]
[ECO "B22"]
[WhiteElo "2009"]
[BlackElo "2267"]
[Annotator "RC"]
[PlyCount "80"]
[EventDate "2024.08.01"]
[EventType "team-tourn"]
[EventCountry "ISR"]
[SourceTitle "playchess.com"]
[Source "ChessBase"]
[SourceQuality "1"]
[TimeControl "3000+10"]

1. e4 c5 2. Nf3 Nc6 3. c3 Nf6 4. e5 Nd5 5. d4 cxd4 6. cxd4 d6 7. Bc4 Nb6 8. Bb5 dxe5 9. Nxe5 Bd7 10. Nxd7 Qxd7 11. Nc3 Rd8 12. Be3 e6 13. O-O Be7 14. Qg4 O-O 15. Rad1 f5 16. Qg3 Nd5 17. Nxd5 Qxd5 18. Bxc6 bxc6 19. Rc1 Bf6 20. b3 Bxd4 21. Bxd4 Qxd4 22. Rxc6 e5 23. Rc7 e4 24. Qg5 f4 25. Qc5 Qxc5 26. Rxc5 Rd2 27. Ra5 Rf7 28. Re5 Re2 29. a4 g6 30. h4 Rd7 31. Rc1 Kg7 32. Ra5 Kh6 33. b4 Rdd2 34. Rxa7 Rxf2 35. Rcc7 Rxg2+ 36. Kh1 Rh2+ 37. Kg1 Kh5 38. Rxh7+ Kg4 39. Rhg7 Rdg2+ 40. Kf1 Kf3 0-1

[Event "Israeli U18-Team-ch 2024"]
[Site "Rishon LeZion"]
[Date "2024.08.01"]
[Round "3.4"]
[White "Tashkinova, Sofiia"]
[Black "Sternfeld, Tomer"]
[Result "1/2-1/2"]
[ECO "B32"]
[WhiteElo "2127"]
[BlackElo "1928"]
[Annotator "RC"]
[PlyCount "78"]
[EventDate "2024.08.01"]
[EventType "team-tourn"]
[EventCountry "ISR"]
[SourceTitle "playchess.com"]
[Source "ChessBase"]
[SourceQuality "1"]
[TimeControl "3000+10"]

1. e4 c5 2. Nf3 Nc6 3. d4 cxd4 4. Nxd4 e5 5. Nb5 d6 6. c4 a6 7. N5c3 Nf6 8. Na3 g6 9. Nc2 Bg7 10. Bd3 O-O 11. h3 Ne8 12. Nd5 Ne7 13. Nxe7+ Qxe7 14. Be3 f5 15. Qd2 Nf6 16. Bg5 Qc7 17. Bxf6 Bxf6 18. h4 f4 19. Nb4 Be6 20. Rc1 Rac8 21. Ke2 Qe7 22. f3 Bxh4 23. Kd1 Bg5 24. Qe2 Qd7 25. b3 Bd8 26. Kc2 Ba5 27. Nd5 Bxd5 28. exd5 Bb6 29. Rh6 Rf6 30. Rch1 Rc7 31. Qe1 Qg7 32. Qh4 Rcf7 33. Qg4 Rf8 34. Qh4 R8f7 35. Qh3 Bc5 36. Qc8+ Rf8 37. Qh3 R8f7 38. Qc8+ Rf8 39. Qh3 R8f7 1/2-1/2

[Event "Israeli U18-Team-ch 2024"]
[Site "Rishon LeZion"]
[Date "2024.08.01"]
[Round "3.7"]
[White "Dezent, Eyal"]
[Black "Hasson Schrager, Shalev"]
[Result "1-0"]
[ECO "A45"]
[WhiteElo "2076"]
[BlackElo "1972"]
[Annotator "RC"]
[PlyCount "75"]
[EventDate "2024.08.01"]
[EventType "team-tourn"]
[EventCountry "ISR"]
[SourceTitle "playchess.com"]
[Source "ChessBase"]
[SourceQuality "1"]
[TimeControl "3000+10"]

1. d4 Nf6 2. Bg5 Ne4 3. Bf4 d5 4. e3 e6 5. Nd2 Nxd2 6. Qxd2 Bd6 7. Nf3 O-O 8. Bd3 Nd7 9. O-O Bxf4 10. exf4 c5 11. c3 b6 12. Ne5 Nxe5 13. fxe5 Bd7 14. f4 f5 15. exf6 Qxf6 16. Qe3 cxd4 17. cxd4 Rae8 18. Qe5 Qxe5 19. fxe5 Rxf1+ 20. Kxf1 Rc8 21. Ke2 Be8 22. Kd2 Bg6 23. Bxg6 hxg6 24. Rc1 Rxc1 25. Kxc1 g5 26. Kd2 Kf7 27. h3 Kg6 28. g4 Kf7 29. Kc3 Ke7 30. Kb4 Kd7 31. Kb5 Kc7 32. Ka6 Kb8 33. a4 Ka8 34. a5 bxa5 35. Kxa5 Kb8 36. Ka6 Ka8 37. b4 Kb8 38. b5 1-0

[Event "Israeli U18-Team-ch 2024"]
[Site "Rishon LeZion"]
[Date "2024.08.01"]
[Round "3.9"]
[White "Menahem, Adi"]
[Black "Levin, Guy"]
[Result "0-1"]
[ECO "D07"]
[WhiteElo "2228"]
[BlackElo "2470"]
[Annotator "TA"]
[PlyCount "74"]
[EventDate "2024.08.01"]
[EventType "team-tourn"]
[EventCountry "ISR"]
[SourceTitle "playchess.com"]
[Source "ChessBase"]
[SourceQuality "1"]
[TimeControl "3000+10"]

1. d4 d5 2. c4 dxc4 3. Nf3 Nf6 4. e3 Bg4 5. Bxc4 e6 6. Nc3 Nc6 7. O-O Bd6 8. Bb5 O-O 9. Bxc6 bxc6 {[%emt 0:00:02] The position is equal.} 10. e4 {[%emt 0:01:13][%cal Be3e4,Be4e5][%mdl 32] [#] aiming for e5.} Bb4 11. e5 Nd5 12. Ne4 Be7 13. h3 Bh5 14. Ng3 Bg6 15. Qa4 Nb4 ({Better is} 15... a5 $17 {Hoping for ...Nb4.} 16. a3 Qd7) 16. Bd2 $36 {[%emt 0:03:56][%mdl 2048] White has good play.} Rb8 17. b3 Rb6 18. Bxb4 $1 Bxb4 19. Rac1 (19. Qxa7 Qc8 20. a3 Ra6 $17) 19... a5 20. Rfd1 {[%emt 0:05:48] Repels Bd3} (20. Rxc6 Bd3 21. Rc4 Bxc4 22. bxc4 Qe8 $15 (22... c5 23. a3 $11)) 20... f6 21. a3 (21. Rxc6 $2 Be8 22. Rdc1 Rxc6 (22... Bxc6 $2 23. Rxc6 Qd7 24. Rc2 $19) (22... Qd5 $2 23. R6c5 $19) 23. Rxc6 Qd5 $19 (23... Bxc6 24. Qxc6 Qe7 25. exf6 $15) (23... Bxc6 24. Qxc6 Qe7 25. exf6 $15)) 21... Be7 22. exf6 (22. Rxc6 $2 {too greedy.} Be8 $19) 22... gxf6 23. Qxa5 {[%emt 0:00:10] Threatening Qa4.} (23. Rxc6 $2 {perishes.} Be8 24. d5 Rxc6 (24... Bxc6 $2 25. Qg4+ Kh8 26. Ne5 $19) 25. Qg4+ Kh8 $19) 23... Qd5 24. Qxd5 cxd5 25. b4 Bd6 26. Re1 Bf4 {[%emt 0:02:49][%mdl 1024] Black has compensation.} 27. Rc3 Ra8 28. Re2 Rba6 29. Nf1 {[%emt 0:00:51] [#] This costs White the game.} (29. Rb3 $11 {and White is okay.}) 29... Kf7 $1 $19 30. g3 (30. b5 $142 Rxa3 31. Rc6) 30... Rxa3 31. Rxa3 Rxa3 32. gxf4 {[%emt 0:00:41] Strongly threatening Re3.} Rxf3 {[%emt 0:00:03] KRB-KRN} 33. Ne3 Rxf4 34. Ra2 Rxd4 35. Ra7 Rxb4 {[%emt 0:00:03] ...Rb1+ is the strong threat.} 36. Rxc7+ Ke8 37. Ng4 Rf4 {[%emt 0:00:02] Weighted Error Value: White=0.23 (precise) /Black=0.08 (flawless) .  Mistake:       	White=2     	Black=1      Inaccurate:     	White=5     	Black=2      OK:         	White=10    	Black=16     Best:        	White=1     	Black=1      Strong:       	White=1     	Black=1} 0-1

[Event "Israeli U18-Team-ch 2024"]
[Site "Rishon LeZion"]
[Date "2024.08.01"]
[Round "3.10"]
[White "Uritsky, Yonathan"]
[Black "Rinberg, David"]
[Result "1-0"]
[ECO "B31"]
[WhiteElo "2173"]
[BlackElo "1939"]
[Annotator "RC"]
[PlyCount "107"]
[EventDate "2024.08.01"]
[EventType "team-tourn"]
[EventCountry "ISR"]
[SourceTitle "playchess.com"]
[Source "ChessBase"]
[SourceQuality "1"]
[TimeControl "3000+10"]

1. e4 c5 2. Nf3 Nc6 3. Bb5 g6 4. O-O Bg7 5. c3 Nf6 6. Re1 O-O 7. d4 d5 8. e5 Ne4 9. Be3 Qb6 10. Bxc6 bxc6 11. Qc1 c4 12. Nbd2 Nxd2 13. Nxd2 Bf5 14. b3 Bd3 15. Qa3 e6 16. f4 f6 17. bxc4 dxc4 18. Qd6 Rfe8 19. Rab1 Bxb1 20. Rxb1 Qa6 21. Ne4 Rad8 22. Qc7 Rc8 23. Qd7 Rcd8 24. Qc7 Rc8 25. Qb7 Qxb7 26. Rxb7 f5 27. Nd6 Rb8 28. Rxa7 Ra8 29. d5 Rxa7 30. Nxe8 Re7 31. d6 Rxe8 32. Bb6 Bh6 33. d7 Ra8 34. g3 g5 35. a4 gxf4 36. d8=Q+ Rxd8 37. Bxd8 fxg3 38. a5 gxh2+ 39. Kh1 Bf4 40. Bc7 Kf7 41. a6 Be3 42. Bb8 Ke8 43. Kxh2 Kd7 44. a7 Bxa7 45. Bxa7 Kc7 46. Kg3 Kb7 47. Be3 Ka6 48. Kh4 Kb5 49. Kg5 h5 50. Kf6 h4 51. Kxe6 h3 52. Bf4 Kc5 53. Kxf5 Kd5 54. e6 1-0

[Event "Israeli U18-Team-ch 2024"]
[Site "Rishon LeZion"]
[Date "2024.08.01"]
[Round "3.11"]
[White "Gartenfloys, Mark"]
[Black "Duchan, Yoav"]
[Result "0-1"]
[ECO "A41"]
[WhiteElo "1808"]
[BlackElo "2008"]
[Annotator "RC"]
[PlyCount "48"]
[EventDate "2024.08.01"]
[EventType "team-tourn"]
[EventCountry "ISR"]
[SourceTitle "playchess.com"]
[Source "ChessBase"]
[SourceQuality "1"]
[TimeControl "3000+10"]

1. Nf3 g6 2. d4 Bg7 3. g3 d6 4. Bg2 Nc6 5. O-O Bd7 6. c4 Qc8 7. Re1 Bh3 8. Bh1 h5 9. d5 Ne5 10. Qb3 Nh6 11. Bd2 Nf5 12. Bc3 h4 13. Bxe5 dxe5 14. e4 Nd4 15. Nxd4 exd4 16. e5 hxg3 17. hxg3 Qf5 18. e6 fxe6 19. Qxb7 O-O 20. f4 Rab8 21. Qc6 Rxb2 22. Qxe6+ Qxe6 23. dxe6 d3 24. Na3 Bd4+ 0-1

[Event "Israeli U18-Team-ch 2024"]
[Site "Rishon LeZion"]
[Date "2024.08.01"]
[Round "3.12"]
[White "Gurevich, Neria"]
[Black "Rabinovich, Yoav"]
[Result "1-0"]
[ECO "D87"]
[WhiteElo "1997"]
[BlackElo "2012"]
[Annotator "RC"]
[PlyCount "127"]
[EventDate "2024.08.01"]
[EventType "team-tourn"]
[EventCountry "ISR"]
[SourceTitle "playchess.com"]
[Source "ChessBase"]
[SourceQuality "1"]
[TimeControl "3000+10"]

1. d4 Nf6 2. c4 g6 3. Nc3 d5 4. cxd5 Nxd5 5. e4 Nxc3 6. bxc3 Bg7 7. Bc4 c5 8. Ne2 Nc6 9. Be3 O-O 10. O-O b6 11. Qd2 Bb7 12. Rfd1 e6 13. Rac1 Na5 14. Bd3 Rc8 15. Bh6 Bxh6 16. Qxh6 cxd4 17. cxd4 Qf6 18. e5 Qg7 19. Qe3 Bd5 20. a3 Nc4 21. Bxc4 Rxc4 22. Rxc4 Bxc4 23. Nc3 f5 24. d5 exd5 25. Nxd5 Rd8 26. Nc3 Rxd1+ 27. Nxd1 Qd7 28. Nc3 Qd3 29. Qxd3 Bxd3 30. f4 Kf7 31. Kf2 Bc4 32. Ke3 b5 33. Kd4 Ke6 34. a4 a6 35. axb5 axb5 36. Kc5 Bf1 37. g3 Bc4 38. Nxb5 Ba2 39. Nc3 Bb3 40. Ne2 Ke7 41. Nd4 Ba2 42. h3 h5 43. Kc6 Bc4 44. h4 Ba2 45. Kc5 Bb1 46. Kc6 Ba2 47. Kc7 Bd5 48. Nc6+ Ke6 49. Nb4 Bc4 50. Kd8 Bb5 51. Nc2 Ba4 52. Nd4+ Kd5 53. Nf3 Ke4 54. Ng5+ Ke3 55. e6 Kf2 56. e7 Kxg3 57. Nh7 Kxh4 58. Nf6 Kg3 59. Nd7 Kxf4 60. e8=Q Kg5 61. Qe7+ Kh6 62. Ne5 Bc2 63. Qf6 f4 64. Qxf4+ 1-0

[Event "Israeli U18-Team-ch 2024"]
[Site "Rishon LeZion"]
[Date "2024.08.01"]
[Round "3.15"]
[White "Afek, Itay"]
[Black "Abitbul, Matan"]
[Result "0-1"]
[ECO "A07"]
[WhiteElo "1913"]
[BlackElo "2035"]
[Annotator "RC"]
[PlyCount "100"]
[EventDate "2024.08.01"]
[EventType "team-tourn"]
[EventCountry "ISR"]
[SourceTitle "playchess.com"]
[Source "ChessBase"]
[SourceQuality "1"]
[TimeControl "3000+10"]

1. Nf3 d5 2. g3 g6 3. Bg2 Bg7 4. O-O e5 5. d3 Nc6 6. c4 dxc4 7. dxc4 e4 8. Qxd8+ Nxd8 9. Nfd2 f5 10. Nc3 Ne7 11. Rd1 Ne6 12. Nb3 Bd7 13. Be3 a5 14. Nc5 Nxc5 15. Bxc5 Nc6 16. Rac1 O-O-O 17. b3 Be6 18. Nd5 Rd7 19. Nf4 Rxd1+ 20. Rxd1 Bf7 21. g4 b6 22. Be3 Ne5 23. gxf5 gxf5 24. Nd5 Kb7 25. Bh3 Ng4 26. Bf4 Rd8 27. Ne3 Rxd1+ 28. Nxd1 Bd4 29. e3 Bf6 30. Bg2 Ne5 31. Nb2 Ng6 32. Nd1 Nh4 33. f3 Bh5 34. Nf2 Nxg2 35. Kxg2 Bxf3+ 36. Kg3 h5 37. h4 Be2 38. Bg5 Be5+ 39. Bf4 Bc3 40. Kg2 Be1 41. Bg5 Kc6 42. Nh1 Kc5 43. Be7+ Kc6 44. Ng3 Bg4 45. Bd8 Kd7 46. Bg5 a4 47. bxa4 Kd6 48. Bf4+ Kc6 49. Be5 Bb4 50. Kf2 Be7 0-1

[Event "Israeli U18-Team-ch 2024"]
[Site "Rishon LeZion"]
[Date "2024.08.01"]
[Round "3.16"]
[White "Berlad, Asaf"]
[Black "Pearl, Oliver"]
[Result "1/2-1/2"]
[ECO "B12"]
[WhiteElo "1955"]
[BlackElo "1795"]
[Annotator "RC"]
[PlyCount "63"]
[EventDate "2024.08.01"]
[EventType "team-tourn"]
[EventCountry "ISR"]
[SourceTitle "playchess.com"]
[Source "ChessBase"]
[SourceQuality "1"]
[TimeControl "3000+10"]

1. e4 c6 2. d4 d5 3. e5 Bf5 4. h4 a6 5. g4 Bd7 6. c4 e6 7. Nc3 dxc4 8. Bxc4 Qc7 9. Bf4 Ne7 10. Rc1 Qa5 11. Nge2 c5 12. dxc5 Bc6 13. Rh3 Nd7 14. h5 O-O-O 15. Kf1 Nxe5 16. Qb3 Nxc4 17. Qxc4 Nd5 18. Nd4 Qb4 19. Qxb4 Nxb4 20. Nxc6 Nxc6 21. Na4 e5 22. Nb6+ Kc7 23. Bh2 Bxc5 24. Rxc5 Kxb6 25. Rc4 h6 26. Ke2 Rd4 27. Rxd4 Nxd4+ 28. Ke3 f6 29. f4 Nc6 30. fxe5 Nxe5 31. Bxe5 fxe5 32. Ke4 1/2-1/2

[Event "Israeli U18-Team-ch 2024"]
[Site "Rishon LeZion"]
[Date "2024.08.01"]
[Round "4.1"]
[White "Sokolovsky, Yahli"]
[Black "Levin, Guy"]
[Result "1-0"]
[ECO "B29"]
[WhiteElo "2492"]
[BlackElo "2470"]
[Annotator "TA"]
[PlyCount "99"]
[EventDate "2024.08.01"]
[EventType "team-tourn"]
[EventCountry "ISR"]
[SourceTitle "playchess.com"]
[Source "ChessBase"]
[SourceQuality "1"]
[TimeControl "3000+10"]

1. e4 {[%emt 0:00:03] Anand,Viswanathan} c5 2. Nf3 Nf6 3. e5 Nd5 4. Nc3 e6 5. Nxd5 exd5 6. d4 Nc6 7. dxc5 Bxc5 8. Qxd5 d6 9. exd6 Qb6 10. Qe4+ {[%emt 0:00:12] B29: Sicilian: 2 Nf3 Nf6 (Nimzowitsch Variation).} Be6 11. Bc4 Qb4+ ({Black should play} 11... Bxf2+ $14 12. Kd1 Qb4 13. d7+ Kxd7) 12. Nd2 $16 O-O 13. Bd3 $146 ({Predecessor:} 13. O-O Rae8 14. c3 Qb6 15. Nf3 h6 16. b4 Bxd6 17. Be3 Qc7 18. Bxe6 Rxe6 19. Qc4 {1-0 Van der Wiel,J (2550)-Short,N (2635) Hoogovens Wijk aan Zee 1990 (9)}) 13... g6 14. a3 Qa5 15. O-O Bf5 {[%emt 0:01:05] [#]} (15... Bxd6 $142 16. Nc4 Bxc4 17. Bxc4 (17. Qxc4 Rfe8 $16) 17... Qc7) 16. Qh4 (16. Qf4 $1 $16 Bxd3 17. cxd3) 16... Bxd3 $14 17. cxd3 Qd8 18. Qxd8 (18. Qh6 {is more complex.} f6 19. Ne4 Bxd6 20. Bd2) 18... Rfxd8 19. Ne4 Bxd6 20. Bg5 Be7 21. Bxe7 Nxe7 22. Rac1 Nc6 23. Nc5 Nd4 24. Rfe1 b6 25. Ne4 Ne6 26. Re3 Rd4 27. Rc4 Rad8 28. Rxd4 Nxd4 29. Kf1 Nf5 30. Rh3 h5 31. Ke2 Kg7 32. Kd2 Rd5 33. Nc3 Rd4 34. Ne4 Rd5 $1 35. f4 a5 36. Nc3 Rd6 37. Rf3 Nd4 38. Re3 Nb3+ {[%emt 0:00:00] [#]} 39. Kd1 $1 Nc5 40. Kc2 Ne6 41. Ne2 Rc6+ 42. Kd2 Rd6 43. Re5 Kf6 44. Ke3 g5 (44... Kg7 $16 45. Nc3 Kf8) 45. g3 $18 gxf4+ 46. gxf4 Nc5 (46... h4 $142 47. d4 Rd8) 47. d4 $18 (47. Rxh5 $2 Rxd3+ 48. Kf2 Rb3 $17) 47... Ne6 $2 (47... Nd7 48. Ng3 (48. Rxh5 Ke7 $18) 48... Re6 49. Nxh5+ Ke7 50. Rxe6+ Kxe6) 48. Rxh5 $2 (48. Ng3) 48... Rd8 49. Nc3 Rxd4 $2 (49... Nc7 50. Rh6+ Ke7) 50. Rh6+ ({Not} 50. f5 Ng7 $14) 1-0